 Dungeon Crawl Stone Soup version 0.22.0-38-g04b72b8c25 (webtiles) character file.

2410 Mangusta the Blocker (level 9, -2/56 HPs)
             Began as a Gargoyle Fighter on Aug 26, 2018.
             Slain by a two-headed ogre
             ... wielding a +0 giant spiked club
              (16 damage)
             ... on level 9 of the Dungeon.
             The game lasted 00:18:46 (6783 turns).

Mangusta the Blocker (Gargoyle Fighter)             Turns: 6783, Time: 00:18:48

Health: -2/56      AC: 14    Str: 21 (22) XL:     9   Next: 47%
Magic:  9/9        EV:  9    Int:  8 (10) God:
Gold:   488        SH: 12    Dex:  6 (9)  Spells: 8/8 levels left

rFire    . . .     SeeInvis .   k - +5 long sword
rCold    + . .     Gourm    .   c - +0 shield
rNeg     + . .     Faith    .   b - +0 scale mail
rPois    ∞         Spirit   .   l - +0 helmet
rElec    +         Reflect  .   (no cloak)
rCorr    .         Harm     .   (no gloves)
MR       .....                  (no boots)
Stlth    ..........             (no amulet)
HPRegen  0.18/turn              g - ring of protection from cold
MPRegen  0.11/turn              (no ring)

@: no status effects
A: negative energy resistance 1, robust 1, electricity resistance, unbreathing,
petrification resistance, rot immunity, MP-powered wands, AC +6
a: no special abilities


You were on level 9 of the Dungeon.
You were hungry.

You visited 2 branches of the dungeon, and saw 10 of its levels.

You collected 488 gold pieces.

Inventory:

Hand Weapons
 k - a +5 long sword (weapon)
 t - a +4 falchion
Armour
 b - a +0 scale mail (worn)
 c - a +0 shield (worn)
 l - a +0 helmet (worn)
Magical Staves
 y - an uncursed staff of conjuration {unknown}
Jewellery
 g - a ring of protection from cold (left hand)
Wands
 u - a wand of enslavement (11)
 v - a wand of flame (23)
Scrolls
 e - 4 scrolls of identify
 j - 4 scrolls of blinking
 m - 3 scrolls of teleportation
 n - 4 scrolls of remove curse
 q - a scroll of amnesia
 r - 3 scrolls of fear
 w - a scroll of magic mapping
Potions
 a - 2 potions of degeneration
 h - 2 potions of curing
 i - 4 potions of magic
 o - a potion of mutation
 p - a potion of resistance {unknown}
 s - 2 potions of brilliance {unknown}
 x - a potion of haste {unknown}
Comestibles
 d - a chunk of flesh
 f - 9 rations


   Skills:
 - Level 3.2 Fighting
 - Level 4.2 Long Blades
 - Level 3.2 Armour
 - Level 1.2 Dodging
 - Level 0.6 Stealth
 * Level 12.6 Shields


You had 8 spell levels left.
You didn't know any spells.
Your spell library was empty.

Dungeon Overview and Level Annotations

Branches:
Dungeon (8/15)             Temple (1/1) D:7
   Lair: D:8-11

Altars:
Ashenzari
Cheibriados
Dithmenos
Elyvilon
Fedhas
Hepliaklqana
Kikubaaqudgha
Makhleb
Nemelex Xobeh
Okawaru
Qazlal
Ru
Sif Muna
Trog
Uskayaw
Vehumet
Xom
Yredelemnul
Zin
The Shining One


Innate Abilities, Weirdness & Mutations

You are resistant to torment.
Your stone body is resilient. (AC +6)
You are immune to poison.
You resist negative energy. (rN+)
You are resistant to electric shocks. (rElec)
You can survive without breathing.
You are immune to petrification.
You are immune to rotting.
You are robust. (+10% HP)
You expend magic power (3 MP) to strengthen your wands.


Message History

The two-headed ogre hits you with a giant spiked club!
The shadow imp gestures at you. Pain shoots through your body!
The shadow imp hits you but does no damage.
You hear a distant blaring wail to the north.
It was a potion of degeneration.
There was something very wrong with that liquid.
You feel weakened.
You feel dopey.
You feel clumsy.
The shadow imp grins evilly.
You slash the two-headed ogre!
The two-headed ogre is lightly wounded.
You block the two-headed ogre's attack.
The two-headed ogre hits you with a giant spiked club!
You hit the two-headed ogre.
The two-headed ogre is lightly wounded.
You are feeling hungry.
The two-headed ogre hits you with a giant spiked club!
* * * LOW HITPOINT WARNING * * *
The two-headed ogre hits you with a giant spiked club!
You die...

#######+#
#.......#
#@#
##O#######
#$5.......
#.........
#.......>.
#.........
#.........
#.........
#.........


You could see a two-headed ogre and a shadow imp.

Vanquished Creatures
  Sigmund (D:3)
  An ice beast (D:8)
  2 sky beasts
  2 ogres
  4 orc warriors
  2 centaurs (D:7)
  A bullfrog (D:6)
  A wyvern skeleton (D:8)
  2 scorpions
  5 wights (D:6)
  2 howler monkeys
  2 crimson imps
  A centaur skeleton (D:5)
  3 orc priests
  4 hounds
  An iguana (D:7)
  5 orc wizards
  4 worker ants
  A worker ant zombie (D:6)
  4 gnolls (D:2)
  5 adders
  An ooze (D:3)
  2 worms
  5 dart slugs
  11 leopard geckos
  18 orcs
  7 giant cockroaches
  4 goblins
  11 hobgoblins
  6 jackals
  5 quokkas
  5 bats
  5 frilled lizards
  A jackal skeleton (D:2)
  6 kobolds
  2 quokka zombies (D:6)
  8 rats
150 creatures vanquished.

Notes
Turn   | Place    | Note
-------+----------+-------------------------------------------
     0 | D:1      | Mangusta the Gargoyle Fighter began the quest for the Orb.
     0 | D:1      | Reached XP level 1. HP: 14/14 MP: 1/1
    98 | D:1      | Reached XP level 2. HP: 14/19 MP: 2/2
   271 | D:1      | Reached skill level 4 in Shields
   674 | D:1      | Reached XP level 3. HP: 23/23 MP: 3/3
  1161 | D:2      | Reached XP level 4. HP: 28/28 MP: 4/4
  1196 | D:2      | HP: 1/28 [gnoll (1)]
  1697 | D:3      | Reached skill level 5 in Shields
  1705 | D:3      | Reached XP level 5. HP: 28/32 MP: 5/5
  1709 | D:3      | Found a glowing golden altar of the Shining One.
  1916 | D:3      | Noticed Sigmund
  1932 | D:3      | Killed Sigmund
  1932 | D:3      | Reached skill level 1 in Dodging
  1932 | D:3      | Reached skill level 6 in Shields
  1932 | D:3      | Reached XP level 6. HP: 8/37 MP: 6/6
  2794 | D:4      | Found a basalt altar of Yredelemnul.
  3136 | D:5      | Entered Level 5 of the Dungeon
  3141 | D:5      | Found a shimmering altar of Xom.
  3357 | D:5      | Reached XP level 7. HP: 40/41 MP: 7/7
  3360 | D:5      | Gained mutation: You are robust. (+10% HP) [potion of mutation]
  3360 | D:5      | Gained mutation: You expend magic power (3 MP) to strengthen your wands. [potion of mutation]
  3403 | D:5      | Reached skill level 7 in Shields
  3843 | D:5      | Reached skill level 8 in Shields
  4234 | D:6      | Reached XP level 8. HP: 18/50 MP: 8/8
  4244 | D:6      | Reached skill level 9 in Shields
  4268 | D:6      | Found a bloodstained altar of Trog.
  4614 | D:6      | Reached skill level 10 in Shields
  4660 | D:6      | Found an ancient bone altar of Kikubaaqudgha.
  4785 | D:6      | Found an iron altar of Okawaru.
  5511 | D:7      | Reached skill level 11 in Shields
  5602 | D:7      | Reached XP level 9. HP: 52/56 MP: 9/9
  5880 | D:7      | Reached skill level 12 in Shields
  5949 | D:7      | Found a staircase to the Ecumenical Temple.
  5958 | Temple   | Entered the Ecumenical Temple
  6203 | D:7      | Found a deep blue altar of Sif Muna.
  6570 | D:8      | Found a blossoming altar of Fedhas.
  6772 | D:8      | You fall through a shaft!
  6772 | D:9      | Noticed a two-headed ogre
  6783 | D:9      | Slain by a two-headed ogre

Skill      XL: |  1  2  3  4  5  6  7  8  9 |
---------------+----------------------------+-----
Shields        | 4 5 6 8 11 12 | 12.6
Long Blades    | 2 3 4 |  4.2
Dodging        | 1 |  1.2
Fighting       | |  3.2
Armour         | |  3.2
Stealth        | |  0.6

Action                   |  1- 3 |  4- 6 |  7- 9 || total
-------------------------+-------+-------+-------++-------
Melee: Long sword        |   135 |   194 |   367 ||   696
  Use: Scroll            |     1 |     9 |     3 ||    13
       Potion            |       |     1 |     6 ||     7
  Eat: Chunk             |     1 |     7 |     5 ||    13
       Ration            |       |       |     2 ||     2
Armor: Scale mail        |    87 |   122 |   110 ||   319
Dodge: Dodged            |    31 |    65 |    81 ||   177
Block: Shield            |    88 |   112 |   216 ||   416
       Rpst.: Long sword |     9 |    18 |    26 ||    53
